Map: [ESL] Alcyone

Players

Cyan

  • Race: Protoss Protoss
  • Spawn Location: 1:00

Jieshi - Winner!

  • Race: Protoss Protoss
  • Spawn Location: 7:00

Event: ESL SC2 Masters 2023 Winter (Regional)

VOD

Have the link to the VOD?

Description

Time

  • Played on: Nov. 12, 2023, 6:28 a.m.
  • Length: 8:56

All games in this series

Show
View Real Time Build Order
Export as new Build Order

Cyan Protoss 

Build Orders: Blink Stalkers 

Get SALT Encoding   

  12  0:00  Probe  
  13  0:12  Probe  
  14  0:17  Pylon  
  14  0:24  Probe (Chrono Boost)  
  15  0:36  Probe (Chrono Boost)  
  15  0:37  Gateway  
  16  0:44  Probe (Chrono Boost)  
  16  0:46  Assimilator  
  17  0:51  Probe  
  17  0:54  Assimilator  
  18  1:03  Probe (Chrono Boost)  
  19  1:08  Gateway  
  19  1:13  Probe (Chrono Boost)  
  19  1:18  Probe (Chrono Boost)  
  20  1:24  Cybernetics Core  
  21  1:29  Probe  
  22  1:33  Pylon  
  22  1:41  Probe  
  23  1:53  Probe  
  24  2:00  Adept  
  24  2:01  Warp Gate  
  26  2:03  Pylon  
  26  2:06  Stalker  
  28  2:15  Twilight Council  
  28  2:30  Stalker  
  28  2:34  Gateway  
  30  2:38  Stalker  
  32  2:51  Blink (Chrono Boost)  
  32  3:05  Shield Battery  
  32  3:10  Stalker  
  34  3:20  Pylon  
  34  3:31  Stalker  
  36  3:35  Pylon  
  36  3:47  Shield Battery  
  34  3:49  Stalker  
  34  3:50  Stalker  
  38  4:00  Shield Battery  
  38  4:02  Pylon  
  38  4:03  Shield Battery  
  38  4:09  Stalker  
  40  4:14  Stalker x2  
  44  4:23  Pylon  
  40  4:40  Stalker  
  40  4:41  Stalker  
  40  4:45  Stalker  
  46  4:49  Probe  
  47  5:06  Stalker x2  
  49  5:12  Stalker  
  51  5:29  Pylon  
  51  5:31  Sentry  
  51  5:32  Stalker  
  55  5:48  Stalker  
  55  5:49  Pylon  
  57  5:55  Sentry  
  51  6:18  Nexus  
  51  6:21  Pylon  
  51  6:31  Robotics Facility  
  51  6:33  Probe  
  52  6:45  Probe  
  53  6:50  Gateway  
  53  6:57  Probe  
  52  7:06  Stalker x2  
  56  7:09  Probe  
  56  7:12  Stalker  
  59  7:20  Observer (Chrono Boost)  
  60  7:29  Probe  
  50  7:39  Stalker x2  
  50  7:41  Probe  
  50  7:43  Stalker  
  57  7:53  Observer, Probe  
  59  8:03  Probe  
  60  8:06  Probe  
  60  8:09  Stalker  
  63  8:14  Stalker  
  63  8:19  Observer  
  65  8:22  Shield Battery  
  65  8:32  Shield Battery  
  65  8:38  Stalker x2  
  57  8:43  Stalker  
Show
View Real Time Build Order
Export as new Build Order

Jieshi Protoss - Winner!

Build Orders:  

Get SALT Encoding   

  12  0:00  Probe  
  13  0:12  Probe  
  14  0:17  Pylon  
  14  0:24  Probe (Chrono Boost)  
  15  0:37  Gateway, Probe (Chrono Boost)  
  16  0:44  Probe (Chrono Boost)  
  16  0:46  Assimilator  
  17  0:51  Probe  
  17  0:54  Assimilator  
  18  1:03  Probe (Chrono Boost)  
  19  1:06  Gateway  
  19  1:12  Probe (Chrono Boost)  
  19  1:17  Probe (Chrono Boost)  
  20  1:25  Cybernetics Core  
  21  1:29  Probe  
  22  1:32  Pylon  
  22  1:41  Probe  
  23  1:53  Probe  
  24  2:01  Warp Gate  
  24  2:02  Adept x2  
  24  2:07  Robotics Facility  
  28  2:11  Pylon  
  28  2:32  Stalker x2  
  32  2:39  Gateway  
  32  2:51  Immortal (Chrono Boost)  
  36  3:02  Shield Battery  
  36  3:03  Sentry  
  38  3:22  Shield Battery  
  38  3:25  Pylon  
  38  3:33  Warp Prism (Chrono Boost)  
  39  3:44  Shield Battery  
  39  3:53  Stalker x2  
  43  3:57  Stalker  
  43  4:02  Observer  
  44  4:04  Pylon  
  44  4:19  Stalker  
  46  4:24  Sentry  
  46  4:25  Stalker  
  44  4:47  Stalker  
  44  4:48  Stalker x2  
  50  5:03  Observer  
  50  5:07  Pylon  
  50  5:08  Twilight Council  
  50  5:11  Zealot x2  
  54  5:19  Pylon  
  54  5:27  Stalker  
  57  5:38  Stalker  
  58  5:55  Dark Shrine  
  56  6:07  Observer  
  56  6:13  Pylon  
  56  6:20  Probe  
  56  6:22  Nexus  
  57  6:27  Blink (Chrono Boost)  
  57  6:32  Probe  
  58  6:43  Pylon  
  58  6:44  Probe  
  59  6:56  Probe  
  58  7:09  Dark Templar, Probe  
  58  7:11  Observer, Dark Templar  
  63  7:18  Stalker  
  63  7:21  Probe  
  66  7:34  Probe  
  65  7:39  Probe  
  66  7:46  Probe  
  66  7:48  Stalker x3  
  73  7:51  Probe  
  74  8:02  Probe  
  74  8:04  Probe  
  76  8:19  Stalker x2  
  80  8:20  Stalker  
  80  8:23  Pylon  
  80  8:26  Forge  
  78  8:42  Stalker  
  78  8:43  Stalker x2  
  78  8:44  Probe x2  
Tags
 
Add a new tag
Caveats
  • Supply blocks, unpowered buildings, or Contaminate may cause inaccurate times.
  • Supply counts are checked every 10 seconds.